Map: Cerulean Fall LE

Players

NORTHAMERICA

  • Race: Protoss Protoss
  • League: Grandmaster
  • Spawn Location: 1:00

물개미 - Winner!

  • Race: Terran Terran
  • League: Master
  • Spawn Location: 7:00

VOD

Have the link to the VOD?

Description

Time

  • Played on: Sept. 24, 2018, 11:29 a.m.
  • Length: 6:29
Show
View Real Time Build Order
Export as new Build Order

NORTHAMERICA Protoss 

Build Orders: 1 Gate Expand, Oracle Opening 

Get SALT Encoding   

  12  0:00  Probe  
  13  0:13  Probe  
  14  0:19  Pylon  
  14  0:25  Probe  
  15  0:35  Probe  
  15  0:40  Gateway  
  16  0:43  Probe  
  16  0:48  Assimilator  
  17  0:51  Probe  
  18  1:03  Probe  
  19  1:15  Probe  
  20  1:25  Nexus  
  20  1:37  Cybernetics Core  
  20  1:39  Probe  
  21  1:45  Assimilator  
  21  1:52  Pylon  
  21  1:55  Probe  
  22  2:05  Adept  
  22  2:07  Probe  
  25  2:19  Probe  
  25  2:20  Stargate  
  26  2:30  Warp Gate  
  26  2:32  Probe  
  26  2:34  Stalker  
  27  2:38  Probe  
  27  2:44  Probe  
  31  2:50  Probe  
  32  2:54  Oracle  
  32  2:56  Probe  
  33  3:02  Probe  
  34  3:08  Probe  
  38  3:14  Probe  
  39  3:20  Probe  
  39  3:22  Pylon  
  39  3:25  Oracle  
  39  3:27  Probe  
  41  3:32  Probe  
  42  3:39  Probe  
  46  3:44  Probe  
  47  3:51  Probe  
  47  3:53  Gateway  
  47  3:54  Pylon, Gateway  
  48  4:02  Probe  
  49  4:04  Phoenix  
  49  4:05  Nexus  
  49  4:07  Pylon  
  44  4:17  Probe  
  44  4:19  Probe  
  46  4:29  Probe  
  46  4:31  Probe  
  48  4:41  Probe  
  48  4:43  Probe  
  49  4:49  Probe  
  47  4:55  Probe  
  47  4:57  Probe  
  47  4:59  Stalker x2  
  52  5:07  Probe  
  52  5:08  Probe  
  54  5:17  Stalker, Probe  
  54  5:19  Probe x2  
  59  5:25  Probe  
  59  5:28  Twilight Council  
  59  5:30  Probe  
  59  5:31  Probe  
  59  5:35  Probe  
  62  5:38  Probe  
  62  5:39  Assimilator  
  62  5:41  Assimilator  
  64  5:43  Probe  
  64  5:46  Probe  
  64  5:47  Probe  
  63  5:56  Probe  
  65  6:01  Stalker  
  65  6:02  Stalker x2  
  69  6:08  Probe  
  67  6:25  Stalker x3  
Show
View Real Time Build Order
Export as new Build Order

물개미 Terran - Winner!

Build Orders: Liberator Opening, Reaper Expand 

Get SALT Encoding   

  12  0:01  SCV  
  13  0:13  SCV  
  14  0:17  Supply Depot  
  14  0:25  SCV  
  14  0:28  Refinery  
  15  0:39  SCV  
  16  0:45  Barracks  
  16  0:51  SCV  
  17  1:03  SCV  
  18  1:15  SCV  
  19  1:35  Reaper, Orbital Command  
  20  1:47  Command Center  
  20  1:56  Factory  
  20  2:01  SCV  
  21  2:05  Refinery  
  21  2:09  Barracks Reactor  
  21  2:13  SCV  
  22  2:17  Supply Depot  
  22  2:25  SCV  
  23  2:39  SCV  
  23  2:41  Starport  
  23  2:42  Widow Mine  
  26  2:46  Marine x2  
  28  2:51  SCV  
  29  3:00  Orbital Command, Liberator  
  29  3:03  SCV  
  30  3:05  Marine x2  
  32  3:18  SCV  
  38  3:27  SCV  
  38  3:29  Cyclone  
  38  3:31  SCV  
  41  3:39  SCV  
  42  3:42  Supply Depot  
  42  3:43  SCV  
  42  3:47  Liberator  
  41  3:51  SCV, Marine  
  41  3:52  Marine  
  44  3:56  SCV  
  45  4:03  SCV  
  45  4:04  Supply Depot  
  45  4:08  SCV  
  45  4:09  Supply Depot  
  50  4:16  SCV  
  51  4:20  SCV  
  52  4:28  SCV, Widow Mine x2  
  57  4:32  SCV  
  57  4:33  Liberator  
  57  4:37  Command Center  
  58  4:42  Refinery, SCV  
  58  4:43  Refinery  
  59  4:45  SCV  
  63  4:54  SCV  
  63  4:58  SCV  
  63  4:59  Supply Depot  
  62  5:00  Widow Mine  
  62  5:02  Widow Mine  
  62  5:06  SCV  
  62  5:07  Barracks Reactor  
  67  5:10  SCV  
  68  5:16  Liberator, Factory  
  68  5:18  SCV  
  69  5:22  SCV  
  71  5:28  Hellion x2  
  71  5:30  SCV  
  71  5:32  Engineering Bay  
  71  5:34  SCV  
  76  5:42  SCV  
  76  5:46  SCV  
  76  5:49  Cyclone x2  
  81  5:50  Orbital Command  
  81  5:55  SCV  
  80  5:58  SCV  
  81  6:07  SCV  
  81  6:10  SCV  
  80  6:16  SCV  
  76  6:24  Refinery  
Tags
 
Add a new tag
Caveats
  • Supply blocks, unpowered buildings, or Contaminate may cause inaccurate times.
  • Supply counts are checked every 10 seconds.